 Dungeon Crawl Stone Soup version 0.25-a0-942-g87a53962fc (webtiles) character file.

Game seed: 14930230430424156452, levelgen mode: deterministic

7 Gwenloh the Grasshopper (level 1, -3/11 HPs)
             Began as a Spriggan Warper on May 7, 2020.
             Slain by a goblin
             ... wielding a +0 club
              (6 damage)
             ... on level 1 of the Dungeon.
             The game lasted 00:02:05 (302 turns).

Gwenloh the Grasshopper (Spriggan Warper)            Turns: 302, Time: 00:02:06

Health: -3/11      AC:  2    Str:  7    XL:     1   Next: 83%
Magic:  5/5        EV: 19    Int: 14    God:
Gold:   10         SH:  0    Dex: 15    Spells: 5/5 levels left

rFire    . . .     SeeInvis +   h - +0 dagger
rCold    . . .     Gourm    .   (shield restricted)
rNeg     . . .     Faith    .   b - +0 robe
rPois    .         Spirit   .   (helmet restricted)
rElec    .         Reflect  .   (no cloak)
rCorr    .         Harm     .   (gloves unavailable)
MR       .....                  (boots unavailable)
Stlth    ++........             (no amulet)
HPRegen  0.03/turn              (no ring)
MPRegen  0.09/turn              (no ring)

@: very quick
A: very small, unfitting armour, see invisible, herbivore, speed 3, slow
metabolism 2
a: no special abilities


You were on level 1 of the Dungeon.
You were not hungry.

You visited 1 branch of the dungeon, and saw 1 of its levels.

You collected 10 gold pieces.

Inventory:

Hand Weapons
 a - a +0 short sword
 h - a +0 dagger (weapon)
Missiles
 e - 4 boomerangs of dispersal
 g - 20 stones (quivered)
Armour
 b - a +0 robe (worn)
Scrolls
 c - a scroll of enchant weapon {unknown}
 d - a scroll of blinking
Comestibles
 f - a ration


   Skills:
 + Level 1.7 Fighting
 + Level 2.3 Short Blades
 - Level 1.0 Throwing
 + Level 3.7 Dodging
 + Level 0.9 Stealth
 + Level 2.8 Spellcasting
   Level 4.4 Translocations


You had 5 spell levels left.
You didn't know any spells.
Your spell library contained the following spells:

 Spells                   Type           Power        Failure   Level  Hunger
 Blink                    Tloc           N/A          5%          2    ##.....
 Gell's Gravitas          Tloc           ##........   11%         3    ###....
 Lesser Beckoning         Tloc           ##........   11%         3    ###....
 Teleport Other           Tloc           ##......     11%         3    ###....
 Shroud of Golubria       Chrm/Tloc      #.....       14%         2    ##.....
 Passage of Golubria      Tloc           N/A          34%         4    #####..


Dungeon Overview and Level Annotations

Branches:
Dungeon (1/15)

Altars:


Innate Abilities, Weirdness & Mutations

You are very small and have problems with some larger weapons.
You are too small for most types of armour.
You have supernaturally acute eyesight. (SInv)
You are a herbivore.
You cover ground extremely quickly.
You need to consume almost no food.


Message History

You closely miss the goblin.
The goblin is moderately wounded.
The goblin hits you with a +0 club.
You are too injured to fight recklessly!
You barely miss the goblin.
The goblin is moderately wounded.
The goblin barely misses you.
The jackal barks!
You closely miss the goblin.
The goblin is moderately wounded.
The jackal barely misses you.
You barely miss the goblin.
The goblin is moderately wounded.
The goblin hits you but does no damage. The jackal bites you.
* * * LOW HITPOINT WARNING * * *
You closely miss the goblin.
The goblin is moderately wounded.
The jackal closely misses you. The goblin hits you with a +0 club.
Ouch! That really hurt!
You die...

#.#.# # #.#.# # #.#.# #.#
#.#.# #.. #.#.# ### #.#.#
... #.#.# .....
#.#.################
#..@h†...((.........
########g################
........(...# ###...
gK....[.....# ##.....
............# #......
............# #......
..........%.# #......
............# ##.....
############# ###...


You could see a jackal and a goblin.

Vanquished Creatures
  3 goblins (D:1)
  A jackal (D:1)
  A frilled lizard (D:1)
  A kobold (D:1)
6 creatures vanquished.

Notes
Turn   | Place    | Note
-------+----------+-------------------------------------------
     0 | D:1      | Gwenloh the Spriggan Warper began the quest for the Orb.
     0 | D:1      | Reached XP level 1. HP: 10/10 MP: 5/5
   302 | D:1      | Slain by a goblin

Levels and vault maps discovered:
D:1:      dpeg_arrival_three_smaller_balls, layout_basic

Action                   || total
-------------------------++-------
Melee: Short sword       ||    20
       Dagger            ||     6
Throw: Stone             ||     3
       Boomerang         ||     1
Armor: Robe              ||     4
Dodge: Dodged            ||    17

Table legend:
 A = Non-vault XP
 B = Vault XP
 C = Vault XP percentage of total XP
 D = Non-vault monster count
 E = Vault monster count
 F = Vault count percentage of total count
                 A         B        C        D         E       F
            +---------+---------+-------+---------+---------+-------
      Total |      10 |       0 |   0.0 |       6 |       0 |   0.0
            +---------+---------+-------+---------+---------+-------
        D:1 |      10 |       0 |   0.0 |       6 |       0 |   0.0
            +---------+---------+-------+---------+---------+-------
